 Dungeon Crawl Stone Soup version 0.30-a0-737-gf23d94013f (webtiles) character file.

Game seed: 162043978420368692

986 Newt the Cudgeller (level 7, -2/54 HPs)
             Began as a Demonspawn Gladiator on Feb 2, 2023.
             Slain by a gnoll
             ... wielding a +0 club
             ... led by a gnoll bouda
              (3 damage)
             ... on level 5 of the Dungeon.
             The game lasted 00:04:36 (4107 turns).

Newt the Cudgeller (Demonspawn Gladiator)           Turns: 4107, Time: 00:04:37

Health: -2/54      AC:  5    Str: 17    XL:     7   Next: 97%
Magic:  7/7        EV:  6    Int: 12    God:
Gold:   259        SH:  0    Dex: 14    Spells: 6/6 levels left

rFire   . . .      SeeInvis .    w - +8 hammer "Orb Guardian's Bane" {pain, *Rage rElec rCorr Int+3}
rCold   . . .      Faith    .    (no shield)
rNeg    . . .      Spirit   .    b - +0 leather armour
rPois   .          Reflect  .    c - +0 helmet
rElec   +          Harm     .    v - +0 cloak
rCorr   +          Rampage  .    (no gloves)
Will    .....      Rage     20%  (no boots)
Stlth   ++                       (no amulet)
HPRegen 0.29/turn                g - ring of resist corrosion
MPRegen 0.10/turn                u - ring of flight

@: on berserk cooldown, flying, held, slowed, very slow
A: demonic guardian 1, sturdy frame 1, condensation shield, demonic touch 2
a: no special abilities


You were on level 5 of the Dungeon.
You visited 1 branch of the dungeon, and saw 5 of its levels.

You collected 259 gold pieces.

Inventory:

Hand Weapons
 a - a +0 rapier
 q - a +0 dagger
 r - a +0 whip of chaos
 w - the +8 hammer "Orb Guardian's Bane" (weapon) {pain, *Rage rElec rCorr Int+3}
   (You found it on level 3 of the Dungeon)

   Int:       It affects your intelligence (+3).
   rElec:     It insulates you from electricity.
   *Rage:     It berserks you when you make melee attacks (+20% chance).
   rCorr:     It protects you from acid and corrosion.
Missiles
 d - 2 throwing nets
 e - a javelin
 p - 4 boomerangs of dispersal
 s - 2 boomerangs (quivered)
Armour
 b - a +0 leather armour (worn)
 c - a +0 helmet (worn)
 v - a +0 cloak (worn)
Jewellery
 g - a ring of resist corrosion (left hand)
 i - a ring of fire
 u - a ring of flight (right hand)
Wands
 n - a wand of light (7)
 x - a wand of roots (9)
 y - a wand of flame (10)
Scrolls
 A - a scroll of fog
Potions
 f - a potion of haste
 h - 3 potions of heal wounds
 j - 2 potions of lignification
 k - 2 potions of degeneration {unknown}
 l - a potion of invisibility
 m - 2 potions of attraction
 o - 3 potions of brilliance
 t - 4 potions of flight {unknown}
 z - a potion of curing {unknown}
 B - a potion of might {unknown}


   Skills:
 - Level 4.0 Fighting
 - Level 5.2 Short Blades
 + Level 5.9 Maces & Flails
 - Level 1.7 Throwing
 - Level 2.6 Dodging
 - Level 1.5 Stealth


You had 6 spell levels left.
You didn't know any spells.
Your spell library contained the following spells:

 Spells                   Type           Power      Damage    Failure   Level
 Foxfire                  Conj/Fire      0%         2x1d4     34%         1
 Magic Dart               Conj           0%         1d3       34%         1
 Searing Ray              Conj           0%         2d4       45%         2
 Inner Flame              Hex/Fire       0%         N/A       71%         3
 Cause Fear               Hex            0%         N/A       98%         4
 Fulminant Prism          Conj/Hex       0%         3d5       98%         4
 Fireball                 Conj/Fire      0%         3d3       100%        5
 Starburst                Conj/Fire      0%         6d3       100%        6
 Discord                  Hex            0%         N/A       100%        8


Dungeon Overview and Level Annotations

Branches:
Dungeon (5/15)
 Temple: D:4-7

Altars:
Xom


Innate Abilities, Weirdness & Mutations

A weak demonic guardian rushes to your aid.
Your movements are slightly less encumbered by armour. (ER -2)
A meltable shield of frost defends you. (SH +4)
Your touch may inflict irresistible damage on your foes.


Message History

* * * LOW HITPOINT WARNING * * *
A demonic guardian appears!
Unknown command.
You feel much better.
The gnoll bouda hits you with a +0 club.
* * * LOW HITPOINT WARNING * * *
The gnoll hits you with a +0 club.
* * * LOW HITPOINT WARNING * * *
The gnoll hits you with a +0 club.
* * * LOW HITPOINT WARNING * * *
Your shadow imp hits the gnoll bouda.
The gnoll bouda hits you with a +0 club.
* * * LOW HITPOINT WARNING * * *
You feel much better.
Your attacks no longer feel as feeble.
The gnoll hits you with a +0 club. x2; Your shadow imp hits the gnoll bouda.
The gnoll bouda hits you with a +0 club!
The gnoll barely misses you. The gnoll hits you with a +0 club.
* * * LOW HITPOINT WARNING * * *
Your shadow imp closely misses the gnoll bouda.
You feel much better.
The gnoll bouda hits you but does no damage.
The gnoll hits you with a +0 club. x2
Your shadow imp hits the gnoll bouda but does no damage.
The gnoll bouda completely misses you.
You struggle against the net.
The gnoll hits you with a +0 club. x2
Your shadow imp misses the gnoll bouda.
The gnoll bouda hits you with a +0 club.
The gnoll hits you with a +0 club!
* * * LOW HITPOINT WARNING * * *
The gnoll hits you with a +0 club.
* * * LOW HITPOINT WARNING * * *
Your shadow imp hits the gnoll bouda but does no damage.
You tear a large gash into the net.
The gnoll bouda hits you with a +0 club.
* * * LOW HITPOINT WARNING * * *
The gnoll hits you with a +0 club.
* * * LOW HITPOINT WARNING * * *
The gnoll hits you with a +0 club.
You die...

#..........# #?...|.....
#......... ........
...... ### #...#
...........##.5.#
#..........##..g########
..............g@.......
............)g######## #
#...........##
#.#...........#
#.#...†.......#
#......^......#
###...........#
#...........#
##.#####....#


You could see a gnoll bouda (ally target), 2 gnolls and a friendly shadow imp
(summoned).

Vanquished Creatures
  Sigmund (D:2)
  Duvessa (D:4)
  A black bear (D:4)
  Blork the orc (D:4)
  A scorpion (D:5)
  Dowan (D:4)
  3 hounds
  Crazy Yiuf (D:3)
  An orc priest (D:5)
  Ijyb (D:4)
  Terence (D:3)
  An orc wizard (D:4)
  9 adders
  A white imp (D:5)
  3 ufetubi
  3 worms
  12 dart slugs
  12 orcs
  3 bats
  6 endoplasms
  A giant cockroach (D:3)
  4 goblins
  5 hobgoblins
  4 jackals (D:2)
  2 quokkas
  5 ball pythons
  2 frilled lizards
  7 kobolds
  5 rats
98 creatures vanquished.

Vanquished Creatures (collateral kills)
  2 gnolls (D:5)
2 creatures vanquished.

Grand Total: 100 creatures vanquished

Notes
Turn   | Place    | Note
-------+----------+-------------------------------------------
     0 | D:1      | Newt the Demonspawn Gladiator began the quest for the Orb.
     0 | D:1      | Reached XP level 1. HP: 16/16 MP: 1/1
   225 | D:1      | Reached skill level 1 in Stealth
   407 | D:1      | Gained mutation: Your movements are slightly less
                  | encumbered by armour. (ER -2) [demonic ancestry]
   407 | D:1      | Reached XP level 2. HP: 22/22 MP: 2/2
   955 | D:2      | Gained mutation: Your touch may inflict minor irresistible
                  | damage on your foes. [demonic ancestry]
   955 | D:2      | Reached XP level 3. HP: 29/29 MP: 3/3
   999 | D:2      | Found a shimmering altar of Xom.
  1173 | D:2      | Noticed Sigmund
  1282 | D:2      | Killed Sigmund
  1283 | D:2      | Gained mutation: A meltable shield of frost defends you.
                  | (SH +4) [demonic ancestry]
  1283 | D:2      | Reached XP level 4. HP: 18/37 MP: 4/4
  1283 | D:2      | Reached XP level 5. HP: 21/42 MP: 5/5
  2854 | D:3      | Noticed Terence
  2863 | D:3      | Killed Terence
  2864 | D:3      | Reached skill level 5 in Short Blades
  2864 | D:3      | Gained mutation: A weak demonic guardian rushes to your
                  | aid. [demonic ancestry]
  2864 | D:3      | Reached XP level 6. HP: 40/48 MP: 6/6
  2957 | D:3      | Found a runed translucent door.
  2958 | D:3      | Noticed Crazy Yiuf
  3171 | D:3      | Killed Crazy Yiuf
  3182 | D:3      | Identified the +8 hammer "Orb Guardian's Bane" {pain, *Rage
                  | rElec rCorr Int+3}
  3234 | D:4      | Reached skill level 1 in Maces & Flails
  3287 | D:4      | Noticed Dowan
  3291 | D:4      | Noticed Duvessa
  3293 | D:4      | Killed Dowan
  3301 | D:4      | Killed Duvessa
  3302 | D:4      | Gained mutation: Your touch may inflict irresistible damage
                  | on your foes. [demonic ancestry]
  3302 | D:4      | Reached XP level 7. HP: 20/54 MP: 7/7
  3569 | D:4      | Noticed Ijyb
  3577 | D:4      | Killed Ijyb
  3596 | D:4      | Noticed Blork the orc
  3603 | D:4      | Killed Blork the orc
  3739 | D:4      | Reached skill level 5 in Maces & Flails
  3775 | D:5      | Entered Level 5 of the Dungeon
  4107 | D:5      | HP: 1/54 [gnoll/+0 club[a gnoll bouda] (5)]
  4107 | D:5      | Slain by a gnoll

Illustrated notes

Levels and vault maps discovered:
D:1:      shiori_shiawase, layout_loops_ring, minmay_split_cup_small
D:2:      layout_basic, basic_altar, uniq_sigmund
D:3:      kennysheep_slugbush, layout_loops_cross, grunt_ministairs_15,
          uniq_terence, uniq_crazy_yiuf_cottage
D:4:      layout_rooms, uniq_blork_the_orc, uniq_duvessa, uniq_ijyb
D:5:      layout_basic, uniq_edmund

Skill      XL: |  1  2  3  4  5  6  7 |
---------------+----------------------+-----
Stealth        | 1 |  1.5
Fighting       | 3 4 |  4.0
Short Blades   | 4 5 |  5.2
Maces & Flails | 3 5 |  5.9
Throwing       | |  1.7
Dodging        | |  2.6

Action                     |  1- 3 |  4- 6 |  7- 9 || total
---------------------------+-------+-------+-------++-------
  Melee: Rapier            |   100 |   101 |       ||   201
         Punch             |     2 |     5 |       ||     7
         Touch             |     7 |    21 |     6 ||    34
         Mace              |       |    24 |    63 ||    87
  Throw: Throwing net      |     1 |     1 |       ||     2
         Boomerang         |       |     3 |     2 ||     5
         Javelin           |       |     1 |       ||     1
    Use: Scroll            |     6 |     4 |     3 ||    13
         Potion            |       |       |     3 ||     3
   Stab: Sleeping          |     1 |     1 |       ||     2
         Held in net/web   |       |     3 |       ||     3
 Armour: Leather armour    |    33 |    28 |    39 ||   100
  Dodge: Dodged            |    72 |    75 |    63 ||   210
  Block: Other             |       |    22 |    20 ||    42

Table legend: (Time is in decaauts)
 A = Elapsed time spent in this place.
 B = Non-inter-level travel time spent in this place.
 C = Inter-level travel time spent in this place.
 D = Time resting spent in this place.
 E = Time spent auto-exploring this place.
 F = Levels seen in this place.
 G = Mean time per level.
                   A        B        C        D        E       F      G
               +--------+--------+--------+--------+--------+-----+--------+
         Total |   4220 |   4119 |    101 |    960 |   2356 |   5 |  844.0 |
       Dungeon |   4220 |   4119 |    101 |    960 |   2356 |   5 |  844.0 |
               +--------+--------+--------+--------+--------+-----+--------+

Top non-repeatable levels by time:
     D:2: 1331 daAuts
     D:3: 1239 daAuts
     D:1: 679 daAuts
     D:4: 603 daAuts
     D:5: 366 daAuts
